 Dungeon Crawl Stone Soup version 0.29.1-12-g30fa7ad0bf (webtiles) character file.

Game seed: 16463352490132713352

10 CaptainMV the Magician (level 2, 0/19 HPs)
             Began as a Demonspawn Hedge Wizard on Dec 14, 2022.
             Slain by a kobold
             ... wielding a +2 whip of pain
              (5 damage)
             ... on level 1 of the Dungeon.
             The game lasted 00:03:16 (540 turns).

CaptainMV the Magician (Demonspawn Hedge Wizard)     Turns: 540, Time: 00:03:17

Health: 0/19       AC:  2    Str: 10    XL:     2   Next: 10%
Magic:  6/6        EV: 12    Int: 15    God:
Gold:   20         SH:  0    Dex: 12    Spells: 6/7 levels left

rFire   . . .      SeeInvis .   (no weapon)
rCold   . . .      Faith    .   (no shield)
rNeg    . . .      Spirit   .   b - +0 robe
rPois   .          Reflect  .   c - +0 hat
rElec   .          Harm     .   (no cloak)
rCorr   .          Rampage  .   (no gloves)
Will    .....                   (no boots)
Stlth   ++........              (no amulet)
HPRegen 0.06/turn               (no ring)
MPRegen 0.10/turn               (no ring)

@: no status effects
A: claws 1
a: no special abilities


You were on level 1 of the Dungeon.
You visited 1 branch of the dungeon, and saw 1 of its levels.

You collected 20 gold pieces.

Inventory:

Hand Weapons
 a - a +0 dagger
Armour
 b - a +0 robe (worn)
 c - a +0 hat (worn)
Scrolls
 e - a scroll of teleportation {unknown}
Potions
 d - a potion of magic
 f - a potion of attraction {unknown}


   Skills:
 + Level 0.1 Fighting
 + Level 1.8 Dodging
 + Level 1.7 Stealth
 + Level 3.4 Spellcasting
 + Level 1.2 Conjurations
 + Level 1.0 Summonings
 + Level 0.8 Translocations


You had 6 spell levels left.
You knew the following spells:

 Your Spells              Type           Power      Damage    Failure   Level
a - Magic Dart            Conj           24%        1d4       12%         1

Your spell library contained the following spells:

 Spells                   Type           Power      Damage    Failure   Level
 Slow                     Hex            8%         N/A       19%         1
 Call Imp                 Summ           5%         N/A       19%         2
 Blink                    Tloc           10%        N/A       21%         2
 Conjure Flame            Conj/Fire      4%         6-21      41%         3
 Mephitic Cloud           Conj/Pois/Air  3%         N/A       43%         3


Dungeon Overview and Level Annotations

Branches:
Dungeon (1/15)

Altars:


Innate Abilities, Weirdness & Mutations

You have sharp fingernails.


Message History

You closely miss the quokka.
The quokka is lightly wounded.
The quokka barely misses you.
You barely miss the quokka.
The quokka is lightly wounded.
The quokka bites you.
* * * LOW HITPOINT WARNING * * *
You barely miss the quokka.
The quokka is lightly wounded.
The quokka closely misses you.
You scratch the quokka but do no damage.
The quokka is lightly wounded.
The quokka completely misses you.
You closely miss the quokka.
The quokka is lightly wounded.
The quokka barely misses you. The quokka bites you.
* * * LOW HITPOINT WARNING * * *
You scratch the quokka.
The quokka is moderately wounded.
The quokka barely misses you.
You closely miss the quokka.
The quokka is moderately wounded.
The quokka bites you but does no damage.
You scratch the quokka.
You kill the quokka!
A kobold comes into view. It is wielding a +2 whip of pain.
You see here a quokka corpse.
Found a scroll labelled NULUUCLUC LESE.
The kobold shouts!
A giant cockroach comes into view.
The kobold throws a stone.
The stone barely misses you.
The kobold throws a stone.
The stone barely misses you.
You see here a quokka corpse.
You start resting.
A kobold is nearby!
The kobold misses you.
You scratch the kobold.
The kobold is severely wounded.
The kobold hits you with a +2 whip of pain.
You die...

#.###.#.##...#
##.....#
#............#
#...8...
######.......#
#..###..
#......## ###
+### ###
#....#.# #.. .
#....#.#####.#
.
#....#.....#.#
.
##...#####.#.#
# #...# #.@.#
.## #...#
###K###....
#####
#†.......
#..##.... ##.#
.. .# .. ...
.#..


You could see a kobold.

Vanquished Creatures
  3 endoplasms (D:1)
  2 giant cockroaches (D:1)
  A hobgoblin (D:1)
  A quokka (D:1)
  A ball python (D:1)
8 creatures vanquished.

Vanquished Creatures (others)
  A fungus (D:1)
1 creature vanquished.

Grand Total: 9 creatures vanquished

Notes
Turn   | Place    | Note
-------+----------+-------------------------------------------
     0 | D:1      | CaptainMV the Demonspawn Hedge Wizard began the quest for
                  | the Orb.
     0 | D:1      | Reached XP level 1. HP: 13/13 MP: 4/4
   383 | D:1      | Found a faded altar of an unknown god.
   500 | D:1      | Gained mutation: You have sharp fingernails. [demonic
                  | ancestry]
   500 | D:1      | Reached XP level 2. HP: 13/19 MP: 4/6
   540 | D:1      | Slain by a kobold

Illustrated notes

Levels and vault maps discovered:
D:1:      lemuel_arrival_muddy, layout_basic,
          hellmonk_ecumenical_altar_slurped_away, minmay_tripent

Action                   || total
-------------------------++-------
Melee: Dagger            ||    43
       Punch             ||     1
       Unarmed           ||    12
 Cast: Magic Dart        ||     5
 Stab: Sleeping          ||     1
Armor: Robe              ||    13
Dodge: Dodged            ||    32
